 Dungeon Crawl Stone Soup version 0.31-a0-358-gac0dbeb3ab (webtiles) character file.

Game seed: 5749901377507010608

1343 AdnanSaban the Cudgeller (level 8, -9/51 HPs)
             Began as a Gargoyle Fighter on July 25, 2023.
             Was a Believer of Okawaru.
             Mangled by an ogre
             ... wielding a +0 giant spiked club
              (31 damage)
             ... on level 6 of the Dungeon.
             The game lasted 00:07:08 (5588 turns).

AdnanSaban the Cudgeller (Gargoyle Fighter)         Turns: 5588, Time: 00:07:09

Health: -9/51      AC: 15    Str: 21    XL:     8   Next: 62%
Magic:  8/8        EV: 10    Int: 10    God:    Okawaru [**....]
Gold:   319        SH:  4    Dex:  9    Spells: 7/7 levels left

rFire   . . .        a - +0 flail
rCold   . . .        c - +0 buckler
rNeg    + . .        b - +0 scale mail
rPois   ∞            k - +0 helmet
rElec   +            (no cloak)
rCorr   .            (no gloves)
SInv    .            C - +0 pair of boots
Will    .....        (no amulet) Stlth
                     (no ring)
HPRegen 0.28/turn    (no ring)
MPRegen 0.11/turn

%: no passive effects
@: no status effects
A: sickness immunity, AC +5, negative energy resistance 1, electricity
resistance, torment resistance 1, petrification resistance
a: Renounce Religion, Heroism


You were on level 6 of the Dungeon.
You worshipped Okawaru.
Okawaru was pleased with you.
You visited 2 branches of the dungeon, and saw 7 of its levels.

You collected 319 gold pieces.

Inventory:

Hand Weapons
 a - a +0 flail (weapon)
Missiles
 g - 8 poisoned darts
 j - 2 javelins
 n - 6 silver boomerangs
 p - a boomerang (quivered)
Armour
 b - a +0 scale mail (worn)
 c - a +0 buckler (worn)
 k - a +0 helmet (worn)
 C - a +0 pair of boots (worn)
Scrolls
 e - a scroll of butterflies {unknown}
 h - 10 scrolls of teleportation {unknown}
 m - a scroll of enchant armour {unknown}
 r - a scroll of blinking {unknown}
 s - a scroll of enchant weapon {unknown}
 t - 3 scrolls of noise {unknown}
 x - 6 scrolls of identify {unknown}
 y - a scroll of fog {unknown}
Potions
 d - a potion of might
 f - 2 potions of haste {unknown}
 i - a potion of magic {unknown}
 l - a potion of ambrosia {unknown}
 o - 2 potions of invisibility {unknown}
 q - 3 potions of cancellation {unknown}
 u - 3 potions of curing {unknown}
 v - a potion of mutation {unknown}
 w - a potion of berserk rage {unknown}
 z - a potion of enlightenment {unknown}
 A - a potion of heal wounds {unknown}
 B - a potion of degeneration {unknown}


   Skills:
 + Level 5.7 Fighting
 + Level 6.8 Maces & Flails
 + Level 1.7 Throwing
 + Level 5.9 Armour
 + Level 1.8 Dodging
 + Level 4.8 Shields


You had 7 spell levels left.
You didn't know any spells.
Your spell library contained the following spells:

 Spells                   Type           Power      Damage    Failure   Level
 Slow                     Hex            0%         N/A       75%         1
 Poisonous Vapours        Pois/Air       0%         N/A       87%         2
 Confusing Touch          Hex            0%         N/A       98%         3
 Ignite Poison            Fire/Tmut/Pois 0%         N/A       98%         3
 Mephitic Cloud           Conj/Pois/Air  0%         N/A       98%         3
 Vampiric Draining        Necr           0%         2d6       98%         3
 Freezing Cloud           Conj/Ice/Air   0%         6-21      100%        5
 Cigotuvi's Dreadful Rot  Necr/Pois/Air  Unusable   N/A       N/A         2

Dungeon Overview and Level Annotations

Branches:
Dungeon (6/15)             Temple (1/1) D:4

Altars:
Cheibriados
Dithmenos
Elyvilon
Fedhas
Hepliaklqana
Kikubaaqudgha
Nemelex Xobeh
Okawaru
Qazlal
Ru
Trog
Vehumet
Yredelemnul

Annotations:
D:5 1 runed translucent door, Hajna's ghost, novice HOGl


Innate Abilities, Weirdness & Mutations

You are immune to sickness and miasma.
Your stone body is resilient. (AC +5)
You are immune to poison.
You resist negative energy. (rN+)
You are resistant to electric shocks. (rElec)
You are resistant to unholy torment.
You are immune to petrification.


Message History

No target in view!
An orc comes into view. It is wielding a +0 club.
An orc is nearby!
The orc shouts!
The orc throws a stone.
The stone misses you. The orc completely misses you.
You closely miss the orc. The orc hits you but does no damage.
You sock the orc!
You kill the orc!
Okawaru accepts your kill.
No target in view!
No target in view!
No target in view!
No target in view!
No target in view!
No target in view!
No target in view!
No target in view!
No target in view!
No target in view!
No target in view!
No target in view!
Things that are here:
a +0 club; 3 stones; an orc corpse An ogre comes into view.
It is wielding a +0 giant spiked club.
An ogre is nearby!
You throw a boomerang. The boomerang hits the ogre.
The ogre is moderately wounded.
You throw a boomerang. The boomerang barely misses the ogre.
You hit the ogre.
The ogre is moderately wounded.
The ogre hits you with a +0 giant spiked club!!
Ouch! That really hurt!
You are too injured to fight recklessly!
You are too injured to fight recklessly!
You are too injured to fight recklessly!
The ogre attacks as you move away!
The ogre hits you with a +0 giant spiked club!!
Ouch! That really hurt!
You die...

+ .# #. #. .# ## #. ..# ..##
#. ... ..# #O####.# #.#
#.@....### .####.######
##........ ...........#
##......## #####..###.#
#.......# .........#.#
##.#.....#
#######..#.###..#.....####.#
##...#...)...........#
####.#.#...##.....########
.....#....####...........#


You could see an ogre.

Vanquished Creatures
  An ogre (D:5)
  A black bear (D:4)
  A centaur (D:5)
  2 phantoms
  4 scorpions
  A howler monkey (D:4)
  A centaur zombie (D:5)
  3 bullfrog zombies (D:5)
  3 hounds
  A jelly (D:5)
  An orc priest (D:5)
  Terence (D:2)
  A sleepcap (D:5)
  An iguana (D:4)
  An orc wizard (D:5)
  A scorpion zombie (D:5)
  A howler monkey zombie (D:5)
  8 adders
  8 gnolls
  2 white imps
  2 worms (D:5)
  4 dart slugs
  4 orcs
  5 bats
  5 endoplasms
  2 giant cockroaches
  8 goblins
  11 hobgoblins
  A quokka (D:1)
  3 ball pythons
  A frilled lizard (D:2)
  11 kobolds
  6 rats
106 creatures vanquished.

Notes
Turn   | Place    | Note
-------+----------+-------------------------------------------
     0 | D:1      | AdnanSaban the Gargoyle Fighter began the quest for the
                  | Orb.
     0 | D:1      | Reached XP level 1. HP: 14/14 MP: 1/1
   148 | D:1      | Reached XP level 2. HP: 19/19 MP: 2/2
   451 | D:1      | Reached XP level 3. HP: 24/24 MP: 3/3
   862 | D:2      | Reached XP level 4. HP: 24/29 MP: 4/4
   918 | D:2      | Reached skill level 3 in Maces & Flails
   976 | D:2      | Reached XP level 5. HP: 23/33 MP: 5/5
  1181 | D:2      | Noticed Terence
  1765 | D:2      | Killed Terence
  1766 | D:2      | Reached skill level 1 in Dodging
  2018 | D:3      | Found a bloodstained altar of Trog.
  2169 | D:3      | Found a faded altar of an unknown god.
  2729 | D:4      | Reached XP level 6. HP: 39/39 MP: 6/6
  2769 | D:4      | Found a staircase to the Ecumenical Temple.
  2777 | Temple   | Entered the Ecumenical Temple
  2803 | Temple   | Became a worshipper of Warmaster Okawaru
  2838 | D:4      | Noticed a black bear
  2850 | D:4      | Killed a black bear
  2851 | D:4      | Reached skill level 4 in Maces & Flails
  3041 | D:4      | Identified the +2 robe "Qycholi" {rPois}
  3714 | D:5      | Entered Level 5 of the Dungeon
  3732 | D:4      | Reached skill level 1 in Throwing
  3732 | D:4      | Reached XP level 7. HP: 27/44 MP: 7/7
  3739 | D:4      | Reached * piety under Okawaru
  3740 | D:4      | Reached skill level 5 in Maces & Flails
  3740 | D:4      | Reached skill level 5 in Armour
  4134 | D:5      | Found a runed translucent door.
  4143 | D:5      | Noticed Hajna's ghost (novice HOGl)
  4240 | D:5      | Reached skill level 5 in Fighting
  4323 | D:5      | Reached XP level 8. HP: 44/49 MP: 8/8
  4340 | D:5      | Found a basalt altar of Yredelemnul.
  4418 | D:5      | Reached skill level 6 in Maces & Flails
  4606 | D:4      | Reached ** piety under Okawaru
  4616 | D:5      | HP: 2/49 [centaur/arrow (6)]
  5588 | D:6      | Mangled by an ogre

Illustrated notes

Levels and vault maps discovered:
D:1:      nicolae_arrival_somewhat_less_tricky_arrival, layout_basic,
          minivault_4, serial_bayou_pond_a, st_stairs_1
D:2:      layout_loops_ring, serial_bayou_crossing, uniq_terence
D:3:      layout_basic, lemuel_doored_altar,
          shapermc_ecumenical_altar_hornbeckon, serial_bayou_lake_a
D:4:      layout_basic, temple_statues
D:5:      layout_cave_pools, nicolae_yredelemnul_corpse_copse,
          gammafunk_ghost_grave
D:6:      layout_basic
Temple:   hellmonk_temple_of_storms

Skill      XL: |  1  2  3  4  5  6  7  8 |
---------------+-------------------------+-----
Fighting       | 4 5 |  5.7
Maces & Flails | 3 4 5 6 |  6.8
Armour         | 4 5 |  5.9
Dodging        | 1 |  1.8
Shields        | 4 |  4.8
Throwing       | 1 |  1.7

Action                     |  1- 3 |  4- 6 |  7- 9 || total
---------------------------+-------+-------+-------++-------
  Melee: Flail             |    88 |   180 |   182 ||   450
  Throw: Boomerang         |       |    13 |    14 ||    27
 Armour: Scale mail        |    76 |   145 |   103 ||   324
  Dodge: Dodged            |    48 |   100 |    82 ||   230
  Block: Buckler           |    26 |    52 |    48 ||   126

Table legend: (Time is in decaauts)
 A = Elapsed time spent in this place.
 B = Non-inter-level travel time spent in this place.
 C = Inter-level travel time spent in this place.
 D = Time resting spent in this place.
 E = Time spent auto-exploring this place.
 F = Levels seen in this place.
 G = Mean time per level.
                   A        B        C        D        E       F      G
               +--------+--------+--------+--------+--------+-----+--------+
         Total |   5792 |   5188 |    604 |    453 |   3476 |   7 |  827.4 |
       Dungeon |   5745 |   5168 |    577 |    453 |   3476 |   6 |  957.5 |
        Temple |     46 |     19 |     27 |      0 |      0 |   1 |   46.0 |
               +--------+--------+--------+--------+--------+-----+--------+

Top non-repeatable levels by time:
     D:4: 1556 daAuts
     D:3: 1144 daAuts
     D:2: 944 daAuts
     D:5: 935 daAuts
     D:1: 904 daAuts
     D:6: 261 daAuts
  Temple: 46 daAuts
